woodfighter, neutral female human Healer ---- ------ ---------- |..| |....| #.........--- ---------------- ########*..| |....| #|%.........| |*............#| # |**| |.....# #.[.........| ##.............)..## ---- |....|# ##%|..........| # |..............| |....|# # #---........| ### ---------------- ---.--# # # -|-------- # ####### # # # # ## # # # ###### # ########### `f@@### ----.-### ### # #---+------------# |....|### # # ##..........%>...|# |.....# ---.- # #|...............## |....| |....######(##########`|..............|# ------ |...| --------# ---------------- |....######|......|# |.<.| #-......| ----- -------- woodfighter the Dresser Experience level: 11 Strength: 18 Dexterity: 16 Constitution: 17 Intelligence: 8 Wisdom: 16 Charisma: 17 Health: 0(95) Energy: 94(110) Def: 21 Gold: 661 Moves: 19667 Dungeon seed: iazGKcsnStiAkkkd Game ID: woodfighter_1508361872 Your Inventory: Coins $ - 661 gold pieces Amulets V - an uncursed amulet versus poison Weapons a - a blessed +4 orcish spear (weapon in hand) L - 61 +0 darts (in quiver) U - 55 cursed -2 darts Armor e - an uncursed +1 pair of leather gloves (being worn) F - an uncursed +0 cloak of displacement (being worn) H - a blessed +0 pair of jumping boots (being worn) N - a blessed greased +3 gray dragon scale mail (being worn) Comestibles m - an uncursed tin of bat meat I - 4 uncursed food rations M - 2 uncursed tripe rations S - an uncursed carrot Rings K - an uncursed ring of see invisible (on left hand) W - an uncursed +2 ring of gain strength (on right hand) Wands p - a wand of digging (0:5) r - a wand of teleportation (0:5) Tools b - an uncursed stethoscope s - an uncursed bag of holding v - a +0 pick-axe w - an uncursed magic whistle y - a cursed skeleton key C - an uncursed blindfold D - an uncursed brass lantern (0:1214) Gems n - an uncursed luckstone Contents of the bag of holding: 899 gold pieces an uncursed +0 mummy wrapping an uncursed +0 pair of water walking boots 2 blessed eucalyptus leaves a blessed sprig of wolfsbane a [uncursed] spellbook of cure sickness a [uncursed] spellbook of force bolt a [uncursed] spellbook of magic mapping a [uncursed] spellbook of wizard lock a [uncursed] potion of fruit juice a [uncursed] potion of gain ability Spells and supernatural/magical abilities: Name Level Category Fail Memory h - healing 1 healing 15% 2% x - extra healing 3 healing 28% 2% S - stone to flesh 3 healing 42% 2% W - pray for help -- divine ? -- Y - supernatural jump -- ability ? -- Your skills at the end: Miscellaneous Skills wands [Basic] stealth [Basic] Weapon Skills knife [Basic] spear [Basic] dart [Basic] Spellcasting Skills healing spells [Basic] Final Attributes: You were devoutly aligned. You were fire resistant. You were cold resistant. You were sleep resistant. You were poison resistant. You were magic-protected. Your writing hand was ok. You saw invisible. You were telepathic. You were invisible to others. You were displaced. You were very stealthy. You could jump. You were protected. You were lucky. You had extra luck. Bad luck did not time out for you. Good luck did not time out for you. You are dead. Vanquished creatures: a titanothere 2 ghosts 3 queen bees 2 giant mimics a fire giant an Elvenking a doppelganger 2 large mimics a long worm a xorn 3 quantum mechanics 4 small mimics a warhorse a xan an ettin mummy a troll a large dog a freezing sphere 2 flaming spheres a shocking sphere a tiger 3 tengu 2 gelatinous cubes an ochre jelly a crocodile a leocrotta 2 mountain centaurs a pit viper 2 wraiths a leather golem a soldier a succubus 2 giant beetles 2 cockatrices 5 wolves 2 panthers 2 gremlins 16 leprechauns a quivering blob a mountain nymph 2 orc-captains a mumak 4 giant spiders 2 vampire bats 6 gnome kings 2 orc mummies a dwarf mummy 5 ogres 3 owlbears a yeti a gold golem 2 piranhas a dog 5 dingos a housecat a jaguar 3 dwarf lords 2 water nymphs 3 dust vortices a raven a plains centaur a Woodland-elf a snake an ape 9 human zombies 2 rope golems 3 soldier ants 6 yellow lights 19 bugbears 3 imps a baby crocodile a wood nymph 9 Mordor orcs 8 Uruk-hai 14 orc shamans a rock mole 2 rock piercers 4 ponies 2 fog clouds 2 violet fungi 21 gnome lords 7 gnomish wizards a kobold mummy a black naga hatchling 2 golden naga hatchlings 2 guardian naga hatchlings 3 gray oozes 2 barrow wights a ghoul 3 straw golems 2 paper golems 4 giant ants 4 puppies 7 floating eyes a kitten 15 dwarves 3 homunculi 4 kobold lords 6 kobold shamans 2 iguanas 35 hill orcs 3 rothes 3 rabid rats 2 centipedes 6 jitterbugs 3 giant bats a monkey 2 dwarf zombies a wererat 3 werejackals 44 killer bees 2 gas spores 7 hobbits 2 acid blobs a large kobold 6 geckos 30 hobgoblins 9 giant rats 4 cave spiders 2 brown molds a yellow mold a green mold 5 red molds 56 gnomes 3 garter snakes 5 manes 20 jackals 3 foxes 9 kobolds 11 newts 22 goblins 5 sewer rats 13 grid bugs 5 bats 15 lichens 6 kobold zombies 653 creatures vanquished. Voluntary challenges: You did not cause conflict. You did not have reflection. You used a wielded weapon 993 times, starting on turn 54. You did not apply a unicorn horn. You did not use plumbed fixtures. You did not drink any magical draughts. You read items or engraved 5 times, starting on turn 1608. You never genocided any monsters. You never polymorphed an object. You never changed form. You completed Sokoban on turn 6407, according to the rules. You used 1 wish, starting on turn 6955. You did not wish for any artifacts. You never split a pudding. You never wrote Elbereth's name. You violated your moral code, losing 1 point of alignment, starting on turn 1997. Dungeon overview: The Dungeons of Doom: levels 1 to 21 Level 1 a fountain a long staircase Level 2 (vault) a general store, a fountain stairs to The Gnomish Mines Level 3 an armor shop, an altar to Hermes Level 4 a fountain Level 5 many fountains Level 6 stairs to Sokoban Level 7 a fountain Level 8 a fountain Level 9 some fountains Level 10 (quest) a sink Level 11 Level 12 a fountain, a sink Level 13 Level 14 a fountain Level 15 some fountains Level 16 (rogue) Level 17 a fountain Level 18 a temple to Athena, a sink Level 19 Level 20 (vault) Level 21 <- You were here a sink The Gnomish Mines: levels 3 to 10 Level 3 stairs to The Dungeons of Doom Level 4 Level 5 many shops, a temple to Athena, a magic chest, some fountains Level 6 Level 7 Level 8 Level 9 Level 10 many altars to Moloch, a magic chest, some fountains Sokoban: levels 2 to 5 Level 2 a magic chest Level 3 a delicatessen, a magic chest Level 4 Level 5 an altar to Hermes, a magic chest stairs to The Dungeons of Doom History has recorded: On T:1 you entered the Dungeons of Doom to retrieve the Amulet of Yendor! On T:415 you reached level 2 of The Dungeons of Doom. On T:472 you reached level 1 of The Gnomish Mines. On T:537 you reached level 3 of The Dungeons of Doom. On T:551 you advanced to experience level 2. On T:1016 you advanced to experience level 3. On T:1310 you advanced to experience level 4. On T:1322 you reached level 4 of The Dungeons of Doom. On T:1747 you reached level 5 of The Dungeons of Doom. On T:2213 you reached level 6 of The Dungeons of Doom. On T:2295 you reached level 4 of Sokoban. On T:2358 you opened a magic chest. On T:2762 you advanced to experience level 5. On T:3930 you reached level 3 of Sokoban. On T:4513 you advanced to experience level 6. On T:4715 you reached level 2 of Sokoban. On T:5200 you reached level 1 of Sokoban. On T:6407 you advanced to experience level 7. On T:6407 you entered the Sokoban zoo. On T:6815 you reached level 7 of The Dungeons of Doom. On T:6955 you wished for "+3 blessed fixed greased gray dragon scale mail". On T:7708 you reached level 2 of The Gnomish Mines. On T:7803 you reached level 3 of The Gnomish Mines. On T:8197 you entered the Minetown temple On T:8349 you advanced to experience level 8. On T:8628 you reached level 4 of The Gnomish Mines. On T:8797 you reached level 5 of The Gnomish Mines. On T:9321 you reached level 6 of The Gnomish Mines. On T:9671 you reached level 7 of The Gnomish Mines. On T:9994 you reached level 8 of The Gnomish Mines. On T:9994 you reached the bottom of the Mines. On T:11102 you advanced to experience level 9. On T:12002 you reached level 8 of The Dungeons of Doom. On T:12180 you reached level 9 of The Dungeons of Doom. On T:12422 you advanced to experience level 10. On T:12522 you reached level 10 of The Dungeons of Doom. On T:12703 you reached level 11 of The Dungeons of Doom. On T:13085 you reached level 12 of The Dungeons of Doom. On T:13847 you reached level 13 of The Dungeons of Doom. On T:13944 you reached level 14 of The Dungeons of Doom. On T:14502 you advanced to experience level 11. On T:14776 you reached level 15 of The Dungeons of Doom. On T:14959 you reached level 16 of The Dungeons of Doom. On T:14959 you entered the Rogue tribute level. On T:15411 you reached level 17 of The Dungeons of Doom. On T:15786 you reached level 18 of The Dungeons of Doom. On T:18078 you reached level 19 of The Dungeons of Doom. On T:18574 you reached level 20 of The Dungeons of Doom. On T:18815 you reached level 21 of The Dungeons of Doom. On T:18910 you prayed to Hermes. Score breakdown: Gold: 232 ( 23 points) Experience: 11 levels ( 1000 points) Exploration: 21 levels ( 600 points) Discoveries: 39 items ( 1950 points) Variety of kills: 136 monsters ( 2000 points) Major goal: Sokoban/Mines ( 1500 points) Survival: died (score multiplied by 3) Total score: 21219 Latest messages: The captain hacks you! The captain swings his long sword at you. The captain slashes you! Status of the captain (chaotic): Level 13 HP 16(51) Def 12. Your knowledge of this spell is growing faint. You feel better. You feel more confident in your spell casting skills. The captain swings his long sword at you. The captain just misses! The captain swings his long sword at you. The captain misses. You jab the captain! The captain is almost dead. The captain swings his long sword at you. The captain misses. The captain swings his long sword at you. The captain slashes you! You miss the captain. (2x) The captain swings his long sword at you. The captain hacks you! The captain swings his long sword at you. The captain slashes you! You die... Final status: Goodbye woodfighter the Healer, killed by a captain... You died in The Dungeons of Doom on dungeon level 21 with 21219 points, and 1560 pieces of gold, after 19667 moves. You were level 11 with a maximum of 95 hit points when you died.